 Dungeon Crawl Stone Soup version 0.30-a0-918-g0ff054e9dc (webtiles) character file.

Game seed: 7610476677585664946

444 funkygono the Chopper (level 6, 0/56 HPs)
             Began as a Minotaur Fighter on Mar 20, 2023.
             Succumbed to Eustachio's poison
             ... on level 4 of the Dungeon.
             The game lasted 00:04:36 (2365 turns).

funkygono the Chopper (Minotaur Fighter)            Turns: 2365, Time: 00:04:36

Health: 0/56       AC: 14    Str: 23    XL:     6   Next: 72%
Magic:  5/5        EV:  8    Int:  5    God:
Gold:   130        SH:  4    Dex:  9    Spells: 5/5 levels left

rFire   . . .      SeeInvis .    a - +1 war axe
rCold   . . .      Faith    .    c - +0 buckler
rNeg    + . .      Spirit   .    v - +0 chain mail
rPois   .          Reflect  .    q - +1 hat
rElec   .          Rampage  .    y - +1 cloak
rCorr   .                        e - +0 pair of gloves "Faqucra" {rN+}
Will    .....                    (no boots) Stlth
                                 (no amulet)
HPRegen 0.29/turn                (no ring)
MPRegen 0.09/turn                (no ring)

@: lethally poisoned (0 -> -4)
A: horns 2, retaliatory headbutt
a: no special abilities


You were on level 4 of the Dungeon.
You visited 1 branch of the dungeon, and saw 4 of its levels.

You collected 130 gold pieces.

Inventory:

Hand Weapons
 a - a +1 war axe (weapon)
Missiles
 i - 3 boomerangs
 k - 4 javelins (quivered)
 n - 9 poisoned darts
Armour
 c - a +0 buckler (worn)
 e - the +0 pair of gloves "Faqucra" (worn) {rN+}
   (You acquired it on level 3 of the Dungeon)

   rN:        It protects you from negative energy.
 q - a +1 hat (worn)
 v - a +0 chain mail (worn)
 y - a +1 cloak (worn)
Wands
 x - a wand of polymorph (11)
Scrolls
 j - 2 scrolls of teleportation
Potions
 b - 2 potions of resistance
 d - a potion of might
 f - a potion of haste {unknown}
 g - a potion of degeneration {unknown}
 h - a potion of attraction
 l - a potion of mutation {unknown}
 m - a potion of cancellation
 o - a potion of curing
 r - a potion of brilliance {unknown}
 z - a potion of lignification {unknown}


   Skills:
 + Level 5.0 Fighting
 + Level 5.8 Axes
 + Level 5.6 Armour
 + Level 1.2 Dodging
 + Level 0.2 Stealth
 + Level 4.5 Shields


You had 5 spell levels left.
You didn't know any spells.
Your spell library contained the following spells:

 Spells                   Type           Power      Damage    Failure   Level
 Magic Dart               Conj           0%         1d3       99%         1
 Searing Ray              Conj           0%         2d4       100%        2
 Fulminant Prism          Conj/Hex       0%         3d5       100%        4


Dungeon Overview and Level Annotations

Branches:
Dungeon (4/15)
 Temple: D:4-7

Altars:

Shops:
D:2 (

Annotations:
D:4 Eustachio


Innate Abilities, Weirdness & Mutations

You have a pair of horns on your head.
You reflexively headbutt those who attack you in melee.


Message History

It was a potion of cancellation.
Your magical effects are unravelling.
You feel magically purged.
* * * LOW HITPOINT WARNING * * *
You feel very sick.
The river rat bites you but does no damage.
You block the quokka's attack.
You feel less attractive to monsters.
It was a potion of curing.
You feel better. The river rat closely misses you.
The quokka bites you but does no damage.
Eustachio casts a spell.
Eustachio blinks!
You miss the quokka. Your headbutt misses the quokka.
The quokka is severely wounded.
You hit the river rat.
The quokka bites you but does no damage.
The river rat bites you.
* * * LOW HITPOINT WARNING * * *
The river rat bites you but does no damage.
You block Eustachio's attack. You block the quokka's attack.
You see here a ball python corpse.
You barely miss Eustachio.
Eustachio is heavily wounded.
You hit the quokka.
You kill the quokka!
The quokka's corpse disappears in a puff of smoke!
You barely miss the river rat.
The river rat bites you but does no damage.
Eustachio hits you but does no damage.
You are lethally poisoned!
You barely miss Eustachio.
Eustachio is heavily wounded.
You hit the river rat.
* * * LOW HITPOINT WARNING * * *
You feel sick. You block the river rat's attack.
Eustachio mumbles some strange words.
Eustachio blinks!
You block the river rat's attack.
You slash the river rat!
You kill the river rat!
The river rat's corpse disappears in a puff of smoke!
You die...

...# ##### ...# ....
...+ ... ...#
..######### ...#
........@. ...#
#####.........
...########...#..§......
....'.........#.@§......
....#.........#..$......
...##....##'###.........
...#######.>....########
...+ #......# ...#
#......# ..># #......#
...# #......# ...#
#..)...#


You could see Eustachio.

Vanquished Creatures
  Sigmund (D:3)
  Crazy Yiuf (D:3)
  An orc priest (D:3)
  Ijyb (D:3)
  Natasha (thrice) (D:3)
  Terence (D:2)
  3 adders
  2 worms
  A dart slug (D:3)
  4 orcs (D:3)
  5 endoplasms
  3 giant cockroaches
  7 goblins
  9 hobgoblins
  A jackal (D:2)
  5 kobolds
  5 ball pythons
  8 bats
  6 frilled lizards
  7 rats
74 creatures vanquished.

Notes
Turn   | Place    | Note
-------+----------+-------------------------------------------
     0 | D:1      | funkygono the Minotaur Fighter began the quest for the Orb.
     0 | D:1      | Reached XP level 1. HP: 19/19 MP: 0/0
   103 | D:1      | Reached XP level 2. HP: 27/27 MP: 1/1
   192 | D:1      | Found a faded altar of an unknown god.
   715 | D:2      | Reached XP level 3. HP: 33/33 MP: 2/2
   728 | D:2      | Noticed Terence
   744 | D:2      | Killed Terence
  1021 | D:2      | Reached XP level 4. HP: 36/41 MP: 3/3
  1104 | D:2      | Found Buan's Antique Weapon Emporium.
  1450 | D:3      | Noticed Natasha
  1455 | D:3      | Killed Natasha
  1536 | D:3      | Noticed Natasha
  1545 | D:3      | Killed Natasha
  1546 | D:3      | Reached XP level 5. HP: 37/47 MP: 4/4
  1584 | D:3      | Noticed Natasha
  1592 | D:3      | Killed Natasha
  1764 | D:3      | Found a runed translucent door.
  1765 | D:3      | Noticed Crazy Yiuf
  1823 | D:3      | Noticed Ijyb
  1827 | D:3      | Killed Ijyb
  1856 | D:3      | Noticed Sigmund
  1860 | D:3      | Killed Sigmund
  1861 | D:3      | Reached skill level 5 in Axes
  1861 | D:3      | Reached skill level 5 in Armour
  1861 | D:3      | Reached skill level 1 in Dodging
  1861 | D:3      | Reached XP level 6. HP: 53/53 MP: 5/5
  2287 | D:3      | Killed Crazy Yiuf
  2288 | D:3      | Reached skill level 5 in Fighting
  2310 | D:3      | Identified a scroll of acquirement
  2310 | D:3      | Acquired the +0 pair of gloves "Faqucra" {rN+}
  2345 | D:4      | Noticed Eustachio
  2359 | D:4      | HP: 1/56 [poisoned by Eustachio]
  2364 | D:4      | HP: 2/56 [poisoned by Eustachio]
  2365 | D:4      | Succumbed to Eustachio's poison

Illustrated notes

Levels and vault maps discovered:
D:1:      wheals_arrival_shading, layout_basic, serial_aquarium,
          aquarium_bridge_straight [aquarium_subvault_bridge,
          aquarium_subvault_window, aquarium_subvault_bridge,
          aquarium_subvault_window], aquarium_bridge_long_joined
          [aquarium_subvault_bridge, aquarium_subvault_window,
          aquarium_subvault_wall, aquarium_subvault_wall,
          aquarium_subvault_window, aquarium_subvault_bridge],
          aquarium_window_2, aquarium_window_1, aquarium_window_1,
          aquarium_window_fake, aquarium_view_2f, aquarium_pool_five,
          hellmonk_ecumenical_altar_arch_garden
D:2:      minmay_spotlight, layout_basic, serial_shops, shop,
          minmay_misc_feat_columns, serial_park_tiny_pond, eino_curves_03,
          st_stairs_12, uniq_terence
D:3:      layout_loops_ring, uniq_natasha, uniq_crazy_yiuf_cottage, uniq_ijyb,
          uniq_sigmund
D:4:      layout_gridville, uniq_pikel, uniq_eustachio

Skill      XL: |  1  2  3  4  5  6 |
---------------+-------------------+-----
Armour         | 4 5 |  5.6
Fighting       | 4 5 |  5.0
Shields        | 4 |  4.5
Axes           | 3 4 5 |  5.8
Dodging        | 1 |  1.2
Stealth        | |  0.2

Action                     |  1- 3 |  4- 6 || total
---------------------------+-------+-------++-------
  Melee: War axe           |    96 |    83 ||   179
         Headbutt          |     7 |    14 ||    21
         Unarmed           |       |     1 ||     1
    Use: Scroll            |       |     9 ||     9
         Potion            |       |     3 ||     3
 Armour: Scale mail        |    47 |     8 ||    55
         Chain mail        |       |    42 ||    42
  Dodge: Dodged            |    41 |    27 ||    68
  Block: Buckler           |    21 |    19 ||    40

Table legend: (Time is in decaauts)
 A = Elapsed time spent in this place.
 B = Non-inter-level travel time spent in this place.
 C = Inter-level travel time spent in this place.
 D = Time resting spent in this place.
 E = Time spent auto-exploring this place.
 F = Levels seen in this place.
 G = Mean time per level.
                   A        B        C        D        E       F      G
               +--------+--------+--------+--------+--------+-----+--------+
         Total |   2428 |   2399 |     29 |      0 |   1821 |   4 |  607.0 |
       Dungeon |   2428 |   2399 |     29 |      0 |   1821 |   4 |  607.0 |
               +--------+--------+--------+--------+--------+-----+--------+

Top non-repeatable levels by time:
     D:3: 995 daAuts
     D:1: 720 daAuts
     D:2: 667 daAuts
     D:4: 45 daAuts
